 Dungeon Crawl Stone Soup version 0.31-a0-841-g038b102fc3 (webtiles) character file.

Game seed: 3838565268123622541

512 sampeng1 the Chopper (level 6, -1/57 HPs)
             Began as a Minotaur Berserker on Sept 13, 2023.
             Was a Priest of Trog.
             Slain by Edmund
             ... wielding a +2 flail of protection
              (5 damage)
             ... on level 4 of the Dungeon on Sept 27, 2023.
             The game lasted 00:08:29 (2676 turns).

sampeng1 the Chopper (Minotaur Berserker)           Turns: 2676, Time: 00:08:30

Health: -1/57      AC: 15    Str: 24    XL:     6   Next: 99%
Magic:  5/5        EV:  8    Int:  4    God:    Trog [***...]
Gold:   148        SH:  0    Dex:  9    Spells: 5/5 levels left

rFire   + . .        q - +0 war axe
rCold   . . .        (no shield)
rNeg    . . .        e - +0 plate armour
rPois   .            j - +1 hat
rElec   +            (no cloak)
rCorr   .            h - +0 pair of gloves
SInv    .            i - +0 pair of boots
Will    ++...        (no amulet) Stlth
                     f - ring "Gity" {rElec rF+ Slay-4 Stlth+}
HPRegen 1.29/turn    (no ring)
MPRegen 0.09/turn

%: no passive effects
@: strong-willed, regenerating
A: horns 2, retaliatory headbutt
a: Renounce Religion, Berserk, Trog's Hand


You were on level 4 of the Dungeon.
You worshipped Trog.
Trog was most pleased with you.
You visited 1 branch of the dungeon, and saw 4 of its levels.

You collected 148 gold pieces.

Inventory:

Hand Weapons
 q - a +0 war axe (weapon)
Missiles
 t - 5 atropa-tipped darts (quivered)
Armour
 e - a +0 plate armour (worn)
 h - a +0 pair of gloves (worn)
 i - a +0 pair of boots (worn)
 j - a +1 hat (worn)
Jewellery
 f - the ring "Gity" (left hand) {rElec rF+ Slay-4 Stlth+}
   (You acquired it on level 1 of the Dungeon)

   [ring of protection from fire]

   Slay-4:    It affects your accuracy & damage with ranged weapons and melee
   (-4).
   rF+:       It protects you from fire.
   rElec:     It insulates you from electricity.
   Stlth+:    It makes you more stealthy.
Wands
 o - a wand of digging (2)
 v - a wand of flame (40)
Scrolls
 c - a scroll of noise
 l - a scroll of fear {unknown}
 m - 4 scrolls of identify
 p - a scroll of fog {unknown}
 s - a scroll of teleportation {unknown}
 u - a scroll of immolation {unknown}
Potions
 a - a potion of enlightenment {unknown}
 b - a potion of brilliance {unknown}
 d - a potion of resistance
 g - a potion of degeneration {unknown}
 k - a potion of berserk rage {unknown}
 n - a potion of lignification {unknown}
 r - 2 potions of cancellation {unknown}


   Skills:
 + Level 5.6 Fighting
 + Level 5.7 Axes
 + Level 5.0 Armour
 + Level 4.5 Dodging


You had 5 spell levels left.
You didn't know any spells.
Your spell library was empty.

Dungeon Overview and Level Annotations

Branches:
Dungeon (4/15)             Temple (0/1) D:4

Altars:
Dithmenos
Elyvilon
Kikubaaqudgha
Nemelex Xobeh
Okawaru
Sif Muna

Shops:
D:1 !

Annotations:
D:4 Edmund


Innate Abilities, Weirdness & Mutations

You have a pair of horns on your head.
You reflexively headbutt those who attack you in melee.


Message History

Edmund is moderately wounded.
You slash the ogre! The ogre hits you with a +0 giant club!
Edmund closely misses you.
You barely miss Edmund.
Edmund is moderately wounded.
You barely miss the ogre. The ogre hits you with a +0 giant club.
Edmund closely misses you.
You slash Edmund! You headbutt Edmund.
Edmund is heavily wounded.
You slash the ogre!
Edmund hits you with a +2 flail of protection.
The ogre hits you with a +0 giant club! Edmund hits you but does no damage.
You barely miss Edmund.
Edmund is heavily wounded.
You slash the ogre! The ogre hits you with a +0 giant club!
Edmund hits you with a +2 flail of protection.
* * * LOW HITPOINT WARNING * * *
Okay, then.
Your skin crawls.
You feel strong-willed. Edmund hits you but does no damage.
You hit Edmund but do no damage.
Edmund is heavily wounded.
You hit the ogre but do no damage. The ogre hits you with a +0 giant club!
* * * LOW HITPOINT WARNING * * *
Edmund hits you but does no damage.
You hit Edmund.
Edmund is severely wounded.
You hit the ogre.
You kill the ogre!
Trog accepts your kill. Edmund hits you but does no damage.
Your Armour skill increases to level 5!
You hit Edmund but do no damage.
Edmund is severely wounded.
Edmund hits you with a +2 flail of protection!
* * * LOW HITPOINT WARNING * * *
Edmund hits you with a +2 flail of protection.
You die...
Edmund whines, "They better pay attention to me now!"

#. #. ... .# ..
..##.##.. .# #[
#......#.##.# #. #.
#...#..#.######. # #.
#...##.......... ..#.##.
#.#....#.######.
......@##..............<
#..@................
#.)##...###..####### #..
#...#....# # #..
#...#....# # #$.
#...#....####### #..
#...###......... .#..
#...###..####### .#..
.........## #
##...###...# #


You could see Edmund.

Vanquished Creatures
  Sigmund (D:3)
  An ogre (D:4)
  An orc priest (D:4)
  Jessica (D:2)
  An iguana (D:4)
  Robin (D:4)
  4 adders
  4 gnolls (D:4)
  A worm (D:3)
  3 dart slugs
  2 orcs (D:3)
  8 ball pythons
  6 bats
  4 endoplasms
  5 giant cockroaches
  12 hobgoblins
  11 kobolds
  2 quokkas
  5 frilled lizards
  16 goblins
  5 rats
94 creatures vanquished.

Notes
Turn   | Place    | Note
-------+----------+-------------------------------------------
     0 | D:1      | sampeng1 the Minotaur Berserker began the quest for the
                  | Orb.
     0 | D:1      | Reached XP level 1. HP: 19/19 MP: 0/0
    86 | D:1      | Reached XP level 2. HP: 24/27 MP: 1/1
   370 | D:1      | Found Fykos's Distillery.
   451 | D:1      | Reached XP level 3. HP: 33/33 MP: 2/2
   464 | D:1      | Reached ** piety under Trog
   512 | D:1      | Identified a scroll of acquirement
   512 | D:1      | Acquired the ring "Gity" {rElec rF+ Slay-4 Stlth+}
   524 | D:1      | Upgraded the game from 0.31-a0-744-gbc345e7fcb to
                  | 0.31-a0-841-g038b102fc3
   673 | D:2      | Noticed Jessica
   680 | D:2      | Killed Jessica
   681 | D:2      | Reached XP level 4. HP: 35/40 MP: 3/3
  1127 | D:3      | Found a faded altar of an unknown god.
  1401 | D:3      | Noticed Sigmund
  1412 | D:3      | Killed Sigmund
  1413 | D:3      | Reached skill level 5 in Fighting
  1413 | D:3      | Reached skill level 5 in Axes
  1413 | D:3      | Reached XP level 5. HP: 29/48 MP: 4/4
  1413 | D:3      | Reached XP level 6. HP: 33/56 MP: 5/5
  2051 | D:4      | Reached *** piety under Trog
  2141 | D:4      | Noticed Robin
  2155 | D:4      | Killed Robin
  2439 | D:4      | Found a staircase to the Ecumenical Temple.
  2480 | D:4      | Found a white marble altar of Elyvilon.
  2485 | D:4      | Found a sparkling altar of Nemelex Xobeh.
  2489 | D:4      | Found a shimmering blue altar of Sif Muna.
  2492 | D:4      | Found a shadowy altar of Dithmenos.
  2494 | D:4      | Found an ancient bone altar of Kikubaaqudgha.
  2513 | D:4      | Found an iron altar of Okawaru.
  2664 | D:4      | Noticed Edmund
  2676 | D:4      | Reached skill level 5 in Armour
  2676 | D:4      | Slain by Edmund

Illustrated notes

Levels and vault maps discovered:
D:1:      heliophobic_arrival_battle_scene, layout_rooms, serial_shops,
          nicolae_shop_rolling_square
D:2:      layout_rooms, minmay_ruptured, uniq_jessica
D:3:      layout_loops_corners, ebering_ecumenical_altar_box, uniq_sigmund
D:4:      layout_basic, nicolae_overflow_hallway_of_the_gods, temple_hall,
          serial_shops, nicolae_inconvenience_store, minmay_statues_item,
          uniq_pikel, uniq_edmund, uniq_robin

Skill      XL: |  1  2  3  4  5  6 |
---------------+-------------------+-----
Axes           | 4 5 |  5.7
Fighting       | 4 5 |  5.6
Armour         | 3 4 5 |  5.0
Dodging        | 3 4 |  4.5

Action                     |  1- 3 |  4- 6 || total
---------------------------+-------+-------++-------
  Melee: Hand axe          |    73 |    46 ||   119
         Headbutt          |     8 |    17 ||    25
         War axe           |       |   106 ||   106
 Invoke: Berserk           |       |     2 ||     2
         Trog's Hand       |       |     1 ||     1
    Use: Scroll            |     4 |       ||     4
         Potion            |     1 |       ||     1
   Stab: Sleeping          |     1 |       ||     1
         Distracted        |       |     1 ||     1
 Armour: Animal skin       |    28 |       ||    28
         Plate armour      |    28 |   144 ||   172
  Dodge: Dodged            |    51 |    64 ||   115

Table legend: (Time is in decaauts)
 A = Elapsed time spent in this place.
 B = Non-inter-level travel time spent in this place.
 C = Inter-level travel time spent in this place.
 D = Time resting spent in this place.
 E = Time spent auto-exploring this place.
 F = Levels seen in this place.
 G = Mean time per level.
                   A        B        C        D        E       F      G
               +--------+--------+--------+--------+--------+-----+--------+
         Total |   2720 |   2688 |     32 |      0 |   1923 |   4 |  680.0 |
       Dungeon |   2720 |   2688 |     32 |      0 |   1923 |   4 |  680.0 |
               +--------+--------+--------+--------+--------+-----+--------+

Top non-repeatable levels by time:
     D:3: 1006 daAuts
     D:4: 666 daAuts
     D:1: 531 daAuts
     D:2: 515 daAuts
